 Dungeon Crawl Stone Soup version bcrawl-1.36.4 (webtiles) character file.

Game seed: 1792735995795455483

116594 iceDog the Bolt Thrower (level 3, -1/29 HPs)
             Began as a Demigod Hunter on June 26, 2022.
             Slain by a sky beast (6 damage)
             ... on level 2 of the Dungeon.
             The game lasted 00:03:46 (865 turns).

iceDog the Bolt Thrower (Demigod Hunter)             Turns: 865, Time: 00:03:47

Health: -1/29      AC:  7    Str: 18    XL:     3   Next: 1%
Magic:  6/6        EV: 11    Int: 15    God:    Demigod [......]
Gold:   70         SH:  0    Dex: 17    Spells: 2/2 levels left

rFire    . . .     SeeInvis .   w - +0 short sword
rCold    . . .     Gourm    .   (no shield)
rNeg     . . .     Faith    .   j - +0 ring mail
rPois    .         Spirit   .   (no helmet)
rElec    .         Reflect  .   (no cloak)
rCorr    .                      (no gloves)
MR       .....                  (no boots)
Stlth    +.........             n - amulet of rage
HPRegen  0.09/turn              b - ring of flight
MPRegen  0.10/turn              l - +2 ring of protection

@: no status effects
A: high mp 1
a: Evoke Berserk Rage, Evoke Flight


You were on level 2 of the Dungeon.
You worshipped Demigod.
Demigod was noncommittal.
You were not hungry.

You visited 1 branch of the dungeon, and saw 2 of its levels.

You collected 70 gold pieces.

Inventory:

Hand Weapons
 a - a +1 hand crossbow
 w - a +0 short sword (weapon)
Missiles
 d - 223 bolts
Armour
 c - a +0 leather armour
 j - a +0 ring mail (worn)
Jewellery
 b - a ring of flight (left hand)
 l - a +2 ring of protection (right hand)
 n - an amulet of rage (around neck)
Scrolls
 f - a scroll of teleportation {unknown}
 i - 4 scrolls of identify
 m - a scroll of enchant armour {unknown}
Potions
 g - 2 potions of mutation {unknown}
 k - a potion of curing {unknown}
Comestibles
 e - 5 rations {!d}


   Skills:
 + Level 2.1 Fighting
 * Level 3.9 Crossbows
 + Level 0.6 Armour
 + Level 2.1 Dodging
 - Level 1.0 Stealth
 + Level 1.1 Invocations


You had 2 spell levels left.
You didn't know any spells.
Your spell library was empty.

Dungeon Overview and Level Annotations

Branches:
Dungeon (2/12)


Innate Abilities, Weirdness & Mutations

You have an increased reservoir of magic. (+10% MP)


Message History

You miss something. Something hits you. Something shocks you.
You barely miss something. Something hits you but does no damage.
Your ring mail prevents you from hitting something.
Something hits you but does no damage.
You hit something. Something hits you but does no damage.
You barely miss something. Something hits you. Something shocks you.
* * * LOW HITPOINT WARNING * * *
A sky beast appears from thin air!
Reactivating autopickup.
The sky beast flickers out of sight!
Deactivating autopickup; reactivate with Ctrl-A.
A sky beast appears from thin air!
Reactivating autopickup.
You see here a buckler.
There is a stone staircase leading up here.
The sky beast hits you.
* * * LOW HITPOINT WARNING * * *
The sky beast shocks you.
You die...
Your divinity fades.

####.#
#..........<.... #.#
####...#####.### #.#
####...# #.#
#.###......#####.#
#......_....÷....#
######....########
##.#.# ######...##
#.@....[..#
#####Y###.###.######.#
#......##.# #.......#
#.###..##.###.†#####.
#. #..##.....##
#.###..#####.##
#......# #.# #.#.#[.#
#.# #.#....# #+#


You could see a sky beast.

Vanquished Creatures
  An ooze (D:2)
  2 leopard geckos
  A ball python (D:1)
  4 bats
  4 giant cockroaches
  3 goblins (D:1)
  A hobgoblin (D:1)
  2 frilled lizards
  A kobold (D:1)
  2 rats
21 creatures vanquished.

Notes
Turn   | Place    | Note
-------+----------+-------------------------------------------
     0 | D:1      | iceDog the Demigod Hunter began the quest for the Orb.
     0 | D:1      | Reached XP level 1. HP: 17/17 MP: 3/3
   197 | D:1      | Reached XP level 2. HP: 22/24 MP: 4/4
   595 | D:2      | Found a burning altar of Makhleb.
   604 | D:2      | Reached skill level 1 in Invocations
   809 | D:2      | Reached XP level 3. HP: 25/29 MP: 6/6
   832 | D:2      | Noticed a sky beast
   865 | D:2      | Slain by a sky beast

Skill      XL: |  1  2 |
---------------+-------+-----
Dodging        | 2 |  2.1
Fighting       | 2 |  2.1
Invocations    | 1 |  1.1
Crossbows      | |  3.9
Armour         | |  0.6
Stealth        | |  1.0

Action                   || total
-------------------------++-------
Melee: Short sword       ||    54
 Fire: Hand crossbow     ||    17
  Eat: Chunk             ||     2
Armor: Ring mail         ||    32
       Leather armour    ||     2
Dodge: Dodged            ||    31
